 Dungeon Crawl Stone Soup version 0.28.0-1-gb440e238dd (webtiles) character file.

Game seed: 14761369835376833413

3599 mortz the Destroyer (level 9, -7/68 HPs)
             Began as a Grey Draconian Conjurer on Feb 20, 2022.
             Was a Follower of Vehumet.
             Killed by the air
             ... invoked by Gastronok
              (15 damage)
             ... on level 8 of the Dungeon.
             The game lasted 01:13:21 (10687 turns).

mortz the Destroyer (Grey Draconian Conjurer)      Turns: 10687, Time: 01:13:22

Health: -7/68      AC: 13    Str:  9    XL:     9   Next: 85%
Magic:  27/30      EV: 13    Int: 24    God:    Vehumet [*.....]
Gold:   442        SH:  0    Dex:  9    Spells: 5/25 levels left

rFire   . . .      SeeInvis .   a - +2 hand axe (drain)
rCold   . . .      Faith    .   (no shield)
rNeg    . . .      Spirit   .   (armour unavailable)
rPois   .          Reflect  .   (helmet restricted)
rElec   .          Harm     .   (no cloak)
rCorr   .          Rampage  .   (no gloves)
Will    +....                   A - +0 pair of boots
Stlth   ++........              (no amulet)
HPRegen 0.21/turn               e - ring of magical power
MPRegen 0.22/turn               H - ring of willpower

@: no status effects
A: AC +12, amphibious, unfitting armour, cold-blooded
a: Renounce Religion


You were on level 8 of the Dungeon.
You worshipped Vehumet.
Vehumet was aware of your devotion.
You visited 2 branches of the dungeon, and saw 9 of its levels.

You collected 442 gold pieces.

Inventory:

Hand Weapons
 a - a +2 hand axe of draining (weapon)
 c - a +3 halberd
 d - a +3 mace
 i - a +3 halberd
 x - a +6 whip
 E - a +1 short sword of freezing
 G - a +2 vorpal mace
 J - a +3 dire flail
 M - a +1 short sword of venom
 O - a +5 battleaxe
Missiles
 w - 22 poisoned darts
 B - 6 silver javelins
 L - a curare-tipped dart
Armour
 A - a +0 pair of boots (worn)
Magical Staves
 j - a staff of fire
Jewellery
 e - a ring of magical power (left hand)
 D - an amulet of guardian spirit
 H - a ring of willpower (right hand)
Wands
 y - a wand of acid (19)
 C - a wand of charming (3)
 F - a wand of flame (20)
Scrolls
 b - a scroll of fog {unknown}
 f - a scroll of torment {unknown}
 g - 2 scrolls of immolation
 h - 2 scrolls of blinking
 l - 2 scrolls of amnesia {unknown}
 m - 2 scrolls of fear
 o - a scroll of silence {unknown}
 p - 4 scrolls of teleportation
 r - 2 scrolls of enchant armour {unknown}
 s - a scroll of noise {unknown}
 t - a scroll of vulnerability {unknown}
 v - a scroll of magic mapping {unknown}
 z - a scroll of enchant weapon {unknown}
 K - a scroll of summoning {unknown}
 N - a scroll of brand weapon {unknown}
Potions
 k - 2 potions of curing
 n - a potion of brilliance {unknown}
 q - a potion of haste {unknown}
 u - 2 potions of heal wounds
 I - 2 potions of attraction {unknown}


   Skills:
 + Level 2.3 Fighting
 + Level 2.1 Maces & Flails
 + Level 4.5 Dodging
 + Level 4.4 Stealth
 + Level 8.5 Spellcasting
 + Level 9.3 Conjurations
 + Level 0.1 Fire Magic


You had 5 spell levels left.
You knew the following spells:

 Your Spells              Type           Power      Damage    Failure   Level
a - Magic Dart            Conj           100%       1d8       1%          1
b - Searing Ray           Conj           100%       2d8       1%          2
c - Conjure Flame         Conj/Fire      32%        6-21      2%          3
d - Mephitic Cloud        Conj/Pois/Air  25%        N/A       4%          3
e - Dazzling Flash        Conj/Hex       64%        N/A       2%          3
f - Sticky Flame          Conj/Fire      32%        2d5       9%          4
g - Iskenderun's Mystic   Conj/Tloc      32%        2d8       9%          4

Your spell library contained the following spells:

 Spells                   Type           Power      Damage    Failure   Level
 Freeze                   Ice            40%        1d6       6%          1
 Pain                     Necr           40%        1d6       6%          1
 Fulminant Prism          Conj/Hex       16%        3d11      9%          4
 Frozen Ramparts          Ice            20%        1d4       19%         3
 Ignite Poison            Fire/Tmut/Pois 10%        N/A       19%         3
 Freezing Cloud           Conj/Ice/Air   12%        6-21      43%         5
 Ice Form                 Ice/Tmut       10%        N/A       52%         4
 Summon Ice Beast         Ice/Summ       10%        N/A       52%         4
 Agony                    Necr           10%        N/A       86%         5
 Excruciating Wounds      Necr           5%         N/A       86%         5
 Starburst                Conj/Fire      16%        6d6       80%         6


Dungeon Overview and Level Annotations

Branches:
Dungeon (8/15)             Temple (1/1) D:6
   Lair: D:8-11

Altars:
Ashenzari
Cheibriados
Dithmenos
Elyvilon
Fedhas
Gozag
Hepliaklqana
Kikubaaqudgha
Makhleb
Okawaru
Qazlal
Ru
Sif Muna
Trog
Uskayaw
Vehumet
Wu Jian
Xom
Yredelemnul
Zin
The Shining One

Annotations:
D:8 Gastronok


Innate Abilities, Weirdness & Mutations

Your dull iron-grey scales are very hard. (AC +12)
You are amphibious.
You cannot fit into any form of body armour.
You are cold-blooded and may be slowed by cold attacks.


Message History

Gastronok waves his eye-stalks in wide circles.
The air twists around and strikes you!!
Things that are here:
a +0 hand axe; a +0 leather armour As you open the door, it creaks loudly!
Gastronok mumbles some strange words.
Gastronok puts on a burst of speed!
You close the door.
You open the door.
There is an open door here.
As you close the door, it creaks loudly!
There is an open door here.
Casting: Searing Ray (safe; 1% risk of failure)
Confirm with . or Enter, or press ? or * to list all spells.
Aiming: Searing Ray (safe; 1% risk of failure)
Press: ? - help, Shift-Dir - straight line, f - Gastronok
Aim: Gastronok, wearing a +0 hat (covering ground quickly, 100% to hit)
The searing ray hits Gastronok!
Gastronok is lightly wounded. (Press . to maintain the ray.)
The searing ray hits Gastronok.
Gastronok is lightly wounded.
The searing ray hits Gastronok.
Gastronok is lightly wounded.
Gastronok's mouth opens, radula flailing wildly.
Gastronok waves his eye-stalks in wide circles.
The air twists around and strikes you!!
The searing ray hits Gastronok!
Gastronok is lightly wounded.
You finish channelling your searing ray.
Gastronok bites you!
* * * LOW HITPOINT WARNING * * *
Blink to where?
Press: ? - help, Dir - move target, p - Gastronok
As you read the scroll of blinking, it crumbles to dust.
You open the door.
Found a robe.
Gastronok waves his eye-stalks in wide circles.
The air twists around and strikes you!
You die...

....................#.......#....
........>...........#.......#....
....................#.......#....
....................#.......#....
.##[##..####+########.......#....
.##.##..####...##.....#######....
................#.....#..........
................#.....#..........
................@.....#.....[....
....##....##....#.....###########
....##....##[...###..............
................ #..............
................ #..............
................ #..............
.##.##....##.... #....w..[......
+##.##....##.... #...........)..
....).....# ###..............


You could see Gastronok (swift).

Vanquished Creatures
  A kobold demonologist (D:6)
  Eustachio (D:6)
  A water moccasin (D:6)
  Duvessa (D:6)
  3 orc warriors
  A black bear (D:7)
  2 necrophages
  An ice beast (D:8)
  4 ogres (D:6)
  2 kobold brigands
  A scorpion (D:5)
  Dowan (D:6)
  A water moccasin skeleton (D:6)
  11 wights
  A howler monkey (D:6)
  A centaur zombie (D:5)
  A bullfrog zombie (D:7)
  5 hounds
  2 bullfrog skeletons (D:6)
  8 orc priests
  2 gnoll shamans (D:7)
  2 iguanas (D:5)
  7 orc wizards
  A killer bee zombie (D:6)
  A hound skeleton (D:4)
  A mummy (D:7)
  A howler monkey zombie (D:5)
  Robin (D:4)
  12 gnolls
  10 adders
  A howler monkey skeleton (D:7)
  A white imp (D:8)
  An adder skeleton (D:5)
  The ghost of spaghetti the Sneak, a weakling DsDe (D:6)
  2 dart slugs
  27 orcs
  6 bats
  8 endoplasms
  4 giant cockroaches
  16 goblins
  9 hobgoblins
  8 jackals (D:2)
  4 quokkas
  6 ball pythons
  A ball python skeleton (D:2)
  A frilled lizard (D:2)
  A hobgoblin zombie (D:7)
  14 kobolds
  2 kobold zombies (D:7)
  An orc zombie (D:7)
  6 rats
207 creatures vanquished.

Notes
Turn   | Place    | Note
-------+----------+-------------------------------------------
     0 | D:1      | mortz the Draconian Conjurer began the quest for the Orb.
     0 | D:1      | Reached XP level 1. HP: 14/14 MP: 3/3
   172 | D:1      | Found a faded altar of an unknown god.
   314 | D:1      | Reached XP level 2. HP: 20/20 MP: 3/5
   338 | D:1      | Learned a level 2 spell: Searing Ray
  1263 | D:2      | Reached XP level 3. HP: 26/26 MP: 6/6
  1681 | D:2      | Reached skill level 5 in Conjurations
  1766 | D:2      | You fall into a shaft and drop 2 floors!
  1861 | D:4      | Reached XP level 4. HP: 33/33 MP: 7/7
  2132 | D:4      | Reached XP level 5. HP: 38/38 MP: 9/9
  4127 | D:4      | Noticed Robin
  4185 | D:4      | Killed Robin
  4741 | D:5      | Entered Level 5 of the Dungeon
  4744 | D:5      | Reached XP level 6. HP: 45/45 MP: 11/11
  4814 | D:5      | Reached skill level 6 in Conjurations
  5197 | D:5      | Learned a level 3 spell: Conjure Flame
  5472 | D:6      | Found a staircase to the Ecumenical Temple.
  5489 | Temple   | Entered the Ecumenical Temple
  5837 | D:6      | Noticed Eustachio
  5882 | D:6      | Killed Eustachio
  5883 | D:6      | Reached skill level 1 in Fighting
  5883 | D:6      | Your scales start taking on a dull iron-grey colour.
  5883 | D:6      | Reached XP level 7. HP: 15/52 MP: 12/14
  6112 | D:6      | Learned a level 3 spell: Mephitic Cloud
  6255 | D:6      | Noticed a kobold demonologist
  6534 | D:6      | Reached skill level 5 in Spellcasting
  6585 | D:6      | Noticed an ice devil
  6609 | D:6      | Noticed an orange demon
  6611 | D:6      | Killed a kobold demonologist
  6612 | D:6      | Reached skill level 7 in Conjurations
  6612 | D:6      | Reached XP level 8. HP: 46/59 MP: 12/16
  6772 | D:6      | Noticed Duvessa
  6772 | D:6      | Noticed Dowan
  6783 | D:6      | Killed Duvessa
  6795 | D:6      | Killed Dowan
  6966 | D:6      | HP: 2/59 [poisoned by a scorpion]
  7510 | D:6      | Found a transporter.
  7513 | D:6      | Found a transporter.
  7514 | D:6      | Noticed spaghetti's ghost (weakling DsDe)
  7882 | D:6      | Killed spaghetti's ghost
  7884 | D:6      | Reached skill level 1 in Maces & Flails
  7884 | D:6      | Reached skill level 8 in Conjurations
  8178 | D:7      | Reached XP level 9. HP: 67/67 MP: 19/19
  8271 | D:7      | Learned a level 3 spell: Dazzling Flash
  8276 | D:7      | Learned a level 4 spell: Sticky Flame
  8281 | D:7      | Learned a level 4 spell: Iskenderun's Mystic Blast
  8491 | D:7      | Found a radiant altar of Vehumet.
  8499 | D:7      | Became a worshipper of Vehumet
  9413 | D:8      | Reached * piety under Vehumet
  9413 | D:8      | Offered knowledge of Freeze by Vehumet.
  9827 | D:8      | Reached skill level 9 in Conjurations
 10354 | D:8      | Noticed Gastronok
 10687 | D:8      | Killed from afar by Gastronok

Illustrated notes

Levels and vault maps discovered:
D:1:      ncdulo_wetmaze, layout_basic,
          dreamdust_ecumenical_altar_angels_and_demons,
          chequers_serial_rivers_small_a
D:2:      layout_basic, grunt_decor_arrowhead, grunt_ministairs_9,
          kennysheep_generic_room_5
D:3:      layout_basic
D:4:      layout_basic, uniq_robin
D:5:      layout_basic, corexii_shack
D:6:      layout_cave_pools, minmay_temple_entry_offerings,
          gammafunk_ghost_smash, uniq_eustachio, uniq_duvessa
D:7:      layout_basic, nicolae_vehumet_radiance, minmay_mini_ossuary
D:8:      layout_gridville, uniq_gastronok
Temple:   mainiacjoe_temple_cubbyholes

Skill      XL: |  1  2  3  4  5  6  7  8  9 |
---------------+----------------------------+-----
Stealth        | 2 3 4 |  4.4
Conjurations   | 5 6 7 8 9 |  9.3
Dodging        | 2 3 4 |  4.5
Spellcasting   | 3 4 5 7 8 |  8.5
Fighting       | 1 2 |  2.3
Maces & Flails | 1 2 |  2.1
Fire Magic     | |  0.1

Action                   |  1- 3 |  4- 6 |  7- 9 || total
-------------------------+-------+-------+-------++-------
Melee: Spear             |    10 |       |       ||    10
       Tailslap          |     3 |       |       ||     3
       Mace              |     2 |       |       ||     2
       Hand axe          |       |       |     1 ||     1
 Cast: Magic Dart        |    63 |    87 |   118 ||   268
       Searing Ray       |     3 |    32 |    85 ||   120
       Mephitic Cloud    |       |       |     3 ||     3
       Sticky Flame      |       |       |     2 ||     2
       Iskenderun's Myst |       |       |     1 ||     1
  Use: Scroll            |       |     1 |     7 ||     8
       Potion            |       |       |     1 ||     1
Armor: Skin              |     5 |    25 |    37 ||    67
Dodge: Dodged            |     9 |    42 |    68 ||   119
